 Dungeon Crawl Stone Soup version 0.28-a0-793-g31680bbd8b (webtiles) character file.

Game seed: 14144425391983250911

42 ytrimaz the Conjurer (level 3, 21/21 HPs)
             Began as an Octopode Conjurer on Nov 4, 2021.
             Quit the game on level 2 of the Dungeon.
             The game lasted 00:02:17 (1247 turns).

ytrimaz the Conjurer (Octopode Conjurer)            Turns: 1247, Time: 00:02:17

Health: 21/21      AC:  1    Str:  6    XL:     3   Next: 54%
Magic:  6/6        EV: 13    Int: 21    God:
Gold:   67         SH:  0    Dex: 10    Spells: 4/6 levels left

rFire   . . .      SeeInvis .   (no weapon)
rCold   . . .      Faith    .   (no shield)
rNeg    . . .      Spirit   .   (helmet restricted)
rPois   .          Reflect  .   (no amulet)
rElec   .          Harm     .   (no ring)
rCorr   .          Rampage  .   (no ring)
Will    .....                   (no ring)
Stlth   +++.......              (no ring)
HPRegen 0.07/turn               (no ring)
MPRegen 0.10/turn               (no ring)
                                (no ring)
                                (no ring)

@: no status effects
A: almost no armour, amphibious, 8 rings, camouflage 1, gelatinous body 1,
(nimble swimmer 1), tentacles
a: no special abilities


You were on level 2 of the Dungeon.
You visited 1 branch of the dungeon, and saw 2 of its levels.

You collected 67 gold pieces.

Inventory:

Magical Staves
 a - a staff of poison
Scrolls
 c - a scroll of enchant weapon
 d - a scroll of immolation {unknown}
Potions
 b - a potion of brilliance {unknown}


   Skills:
 * Level 2.2 Dodging
 - Level 2.6 Stealth
 + Level 2.3 Spellcasting
 + Level 4.6 Conjurations
 * Level 1.4 Poison Magic


You had 4 spell levels left.
You knew the following spells:

 Your Spells              Type           Power      Damage    Failure   Level
a - Magic Dart            Conj           84%        1d7       2%          1
b - Sting                 Tmut/Pois      20%        1d4       11%         1

Your spell library contained the following spells:

 Spells                   Type           Power      Damage    Failure   Level
 Searing Ray              Conj           42%        2d6       3%          2
 Shock                    Conj/Air       48%        1d6       5%          1
 Sandblast                Erth           4%         2d4       14%         1
 Dazzling Flash           Conj/Hex       24%        N/A       17%         3
 Mephitic Cloud           Conj/Pois/Air  10%        N/A       19%         3
 Ignite Poison            Fire/Tmut/Pois 4%         N/A       34%         3
 Fulminant Prism          Conj/Hex       6%         3d7       50%         4
 Iskenderun's Mystic Bla  Conj/Tloc      12%        2d5       50%         4
 Freezing Cloud           Conj/Ice/Air   4%         6-21      91%         5


Dungeon Overview and Level Annotations

Branches:
Dungeon (2/15)

Altars:


Innate Abilities, Weirdness & Mutations

You cannot wear most types of armour.
You are amphibious.
You can wear up to eight rings at the same time.
Your skin changes colour to match your surroundings (Stealth+).
Your rubbery body absorbs attacks. (AC +1, EV +1)
((You are camouflaged near water. (Stealth+)))
You have tentacles for arms and can constrict up to eight enemies at once.


Message History

A goblin comes into view. It is wielding a +0 dagger.
A goblin is nearby!
Unknown command.
The magic dart hits the goblin.
The goblin is severely wounded.
The goblin shouts!
A goblin is nearby!
A goblin is nearby!
The magic dart hits the goblin!
You kill the goblin!
You can't see any susceptible monsters within range! (Use Z to cast anyway.)
You now have 67 gold pieces (gained 9).
You see here a +0 dagger.
Found a stone staircase leading down.
Unknown command.
Found a stone staircase leading down.
There is a stone staircase leading down here.
A frilled lizard comes into view.
A frilled lizard is nearby!
A frilled lizard is nearby!
The magic dart hits the frilled lizard.
You kill the frilled lizard!
You can't see any susceptible monsters within range! (Use Z to cast anyway.)
You can't see any susceptible monsters within range! (Use Z to cast anyway.)
A kobold comes into view. It is wielding a +0 short sword.
The kobold shouts!
A kobold is nearby!
A kobold is nearby!
The magic dart hits the kobold.
The kobold is severely wounded.
The magic dart hits the kobold.
You kill the kobold!
You can't see any susceptible monsters within range! (Use Z to cast anyway.)
Things that are here:
a +0 short sword; a kobold corpse You can't see any susceptible monsters within range! (Use Z to cast anyway.)
A dart slug comes into view.
A dart slug is nearby!
A dart slug is nearby!
Are you sure you want to abandon this character and quit the game? (Confirm with "yes".)

################
#.......)......#
#.############@#
###.# #.# ..>.#
#.# ###.# #.#
....# #.# ##..#
#.# ###.# #.# #
#.## #w# # #..#


You could see a dart slug (asleep).

Vanquished Creatures
  2 dart slugs
  2 endoplasms
  4 hobgoblins
  4 jackals (D:1)
  A quokka (D:2)
  4 ball pythons (D:1)
  3 bats (D:1)
  6 frilled lizards
  2 goblins
  4 kobolds
  5 rats (D:1)
37 creatures vanquished.

Notes
Turn   | Place    | Note
-------+----------+-------------------------------------------
     0 | D:1      | ytrimaz the Octopode Conjurer began the quest for the Orb.
     0 | D:1      | Reached XP level 1. HP: 11/11 MP: 3/3
     9 | D:1      | Got Moerokh's Arcane Arts 101
    18 | D:1      | Learned a level 1 spell: Sting
   191 | D:1      | Reached XP level 2. HP: 17/17 MP: 3/5
   598 | D:1      | Reached skill level 1 in Poison Magic
   659 | D:1      | Reached XP level 3. HP: 21/21 MP: 2/6
  1247 | D:2      | Quit the game

Illustrated notes

Levels and vault maps discovered:
D:1:      enne_arrival_octagon_isle, layout_rooms
D:2:      layout_basic

Skill      XL: |  1  2 |
---------------+-------+-----
Poison Magic   | 1 |  1.4
Dodging        | |  2.2
Stealth        | |  2.6
Spellcasting   | |  2.3
Conjurations   | |  4.6

Action                   || total
-------------------------++-------
Melee: Staff             ||    12
       Constrict         ||     3
       Tentacles         ||     2
 Cast: Magic Dart        ||    52
       Sting             ||     5
  Use: Scroll            ||     3
Armor: Skin              ||     4
Dodge: Dodged            ||    18

Table legend: (Time is in decaauts)
 A = Elapsed time spent in this place.
 B = Non-inter-level travel time spent in this place.
 C = Inter-level travel time spent in this place.
 D = Time resting spent in this place.
 E = Time spent auto-exploring this place.
 F = Levels seen in this place.
 G = Mean time per level.
                   A        B        C        D        E       F      G
               +--------+--------+--------+--------+--------+-----+--------+
         Total |   1248 |   1246 |      2 |      0 |   1045 |   2 |  624.0 |
       Dungeon |   1248 |   1246 |      2 |      0 |   1045 |   2 |  624.0 |
               +--------+--------+--------+--------+--------+-----+--------+

Top non-repeatable levels by time:
     D:1: 896 daAuts
     D:2: 351 daAuts
